 Dungeon Crawl Stone Soup version 0.21.1-1-g345015f (webtiles) character file.

2559 wojtek the Cleaver (level 9, -1/75 HPs)
             Began as a Minotaur Fighter on July 22, 2018.
             Was an Elder of Okawaru.
             Slain by a killer bee (2 damage)
             ... on level 7 of the Dungeon.
             The game lasted 00:06:32 (5579 turns).

wojtek the Cleaver (Minotaur Fighter)               Turns: 5579, Time: 00:06:33

Health: -1/75      AC: 12    Str: 24    XL:     9   Next: 31%
Magic:  11/11      EV:  8    Int:  5    God:    Okawaru [****..]
Gold:   317        SH: 10    Dex: 10    Spells: 8/8 levels left

rFire    . . .     SeeInvis .   a - +0 war axe
rCold    . . .     Gourm    .   c - +0 shield
rNeg     . . .     Faith    .   A - +0 chain mail
rPois    .         Spirit   .   (helmet restricted)
rElec    .         Reflect  .   D - +0 cloak
rCorr    .         Harm     .   (no gloves)
MR       .....                  e - +0 pair of boots
Stlth    ..........             (no amulet)
HPRegen  0.22/turn              (no ring)
MPRegen  0.12/turn              (no ring)

@: no status effects
A: retaliatory headbutt, horns 2
a: Heroism, Renounce Religion


You were on level 7 of the Dungeon.
You worshipped Okawaru.
Okawaru was greatly pleased with you.
You were not hungry.

You visited 1 branch of the dungeon, and saw 7 of its levels.

You collected 317 gold pieces.

Inventory:

Hand Weapons
 a - a +0 war axe (weapon)
Missiles
 q - 2 throwing nets (quivered)
Armour
 b - a +2 scale mail of cold resistance
 c - a +0 shield (worn)
 e - a +0 pair of boots (worn)
 A - a +0 chain mail (worn)
 D - a +0 cloak (worn)
Jewellery
 v - an uncursed amulet of rage {unknown}
 G - an uncursed amulet of the gourmand {unknown}
Wands
 r - a wand of polymorph (9)
 y - a wand of random effects (6)
Scrolls
 g - 2 scrolls of fog {unknown}
 h - 2 scrolls of blinking {unknown}
 j - 4 scrolls of teleportation {unknown}
 l - a scroll of enchant armour {unknown}
 o - 3 scrolls of remove curse {unknown}
 p - a scroll of magic mapping {unknown}
 w - 9 scrolls of identify {unknown}
 x - a scroll of amnesia {unknown}
 B - a scroll of summoning {unknown}
 C - a scroll of enchant weapon {unknown}
 F - a scroll of torment {unknown}
Potions
 d - 2 potions of might
 i - a potion of cancellation {unknown}
 k - 3 potions of curing
 m - 3 potions of flight {unknown}
 n - a potion of haste {unknown}
 s - 2 potions of lignification {unknown}
 t - a potion of agility {unknown}
 u - a potion of experience {unknown}
 z - a potion of ambrosia {unknown}
 E - a potion of brilliance {unknown}
Comestibles
 f - 10 rations
 H - 2 chunks of flesh


   Skills:
 + Level 6.3 Fighting
 * Level 9.6 Axes
 + Level 6.3 Armour
 + Level 4.4 Dodging
 + Level 6.3 Shields
 + Level 4.9 Invocations


You had 8 spell levels left.
You didn't know any spells.

Dungeon Overview and Level Annotations

Branches:
Dungeon (7/15)
 Temple: D:4-7

Altars:
Nemelex Xobeh
Okawaru
The Shining One

Annotations:
D:7 1 transporter, Ymberto's ghost, novice HuHu


Innate Abilities, Weirdness & Mutations

You reflexively headbutt those who attack you in melee.
You have a pair of horns on your head.


Message History

The killer bee stings you but does no damage.
You miss the killer bee.
The killer bee is almost dead.
You closely miss the killer bee.
The killer bee stings you but does no damage.
You block the killer bee's attack. x2; The killer bee stings you.
* * * LOW HITPOINT WARNING * * *
You block the killer bee's attack. x2
You miss the killer bee.
The killer bee is almost dead.
You barely miss the killer bee. The killer bee stings you.
* * * LOW HITPOINT WARNING * * *
You block the killer bee's attack.
The killer bee stings you but does no damage. x2
Unknown command.
You barely miss the killer bee. Your headbutt misses the killer bee.
The killer bee is almost dead.
You barely miss the killer bee. You block the killer bee's attack. x2
The killer bee barely misses you. The killer bee stings you.
You die...

#.#
#.......#<......
#.#
#.#####.#.#####.
#.###.#####.#.#
##
#...........###
#####.#######
###.# #...#
#y##...... #@#
.##### #y# .#
#†...yy..
####.###. .#


You could see 2 killer bees.

Vanquished Creatures
  The ghost of Lilu the Slinger, a novice HaHu (D:3)
  Grinder (D:5)
  Edmund (D:6)
  A phantom (D:5)
  An orc warrior (D:7)
  2 ogres
  2 centaurs (D:6)
  Blork the orc (D:6)
  2 bullfrogs
  A water moccasin zombie (D:7)
  A water moccasin skeleton (D:2)
  3 scorpions
  3 killer bees (D:7)
  3 wights
  2 howler monkeys (D:7)
  2 bullfrog skeletons
  3 hounds (D:4)
  An orc priest (D:6)
  Crazy Yiuf (D:6)
  A centaur skeleton (D:7)
  2 jellies
  4 orc wizards
  Ijyb (D:5)
  Jessica (D:3)
  An iguana (D:6)
  2 hound skeletons
  4 gnolls
  6 adders
  2 oozes
  An adder skeleton (D:5)
  3 dart slugs
  6 leopard geckos
  16 orcs
  4 giant cockroaches
  9 goblins
  4 hobgoblins
  12 jackals
  5 kobolds
  3 quokkas
  3 ball pythons
  9 bats
  3 frilled lizards
  13 rats
147 creatures vanquished.

Notes
Turn   | Place    | Note
-------+----------+-------------------------------------------
     0 | D:1      | wojtek the Minotaur Fighter began the quest for the Orb.
     0 | D:1      | Reached XP level 1. HP: 19/19 MP: 0/0
    51 | D:1      | Reached skill level 3 in Axes
    68 | D:1      | Reached XP level 2. HP: 26/26 MP: 1/1
   119 | D:1      | Reached skill level 4 in Axes
   204 | D:1      | Found an iron altar of Okawaru.
   211 | D:1      | Became a worshipper of Warmaster Okawaru
   246 | D:1      | Reached XP level 3. HP: 28/31 MP: 2/2
   308 | D:1      | Reached skill level 1 in Invocations
   679 | D:2      | Reached skill level 5 in Axes
   679 | D:2      | Reached XP level 4. HP: 35/39 MP: 4/4
  1114 | D:2      | Found a sparkling altar of Nemelex Xobeh.
  1335 | D:3      | Noticed Jessica
  1344 | D:3      | Killed Jessica
  1344 | D:3      | Reached XP level 5. HP: 26/45 MP: 5/5
  1521 | D:3      | Reached skill level 6 in Axes
  1669 | D:3      | Reached * piety under Okawaru
  1843 | D:3      | Noticed Lilu's ghost (novice HaHu)
  1853 | D:3      | Killed Lilu's ghost
  1853 | D:3      | Reached ** piety under Okawaru
  1853 | D:3      | Reached skill level 1 in Dodging
  1853 | D:3      | Reached XP level 6. HP: 50/52 MP: 5/7
  2107 | D:4      | Reached XP level 7. HP: 50/59 MP: 8/8
  2340 | D:4      | Reached skill level 7 in Axes
  2747 | D:5      | Entered Level 5 of the Dungeon
  2925 | D:5      | Noticed Ijyb
  2929 | D:5      | Killed Ijyb
  2990 | D:5      | Noticed Grinder
  3018 | D:5      | Killed Grinder
  3018 | D:5      | Reached skill level 5 in Armour
  3018 | D:5      | Reached XP level 8. HP: 56/67 MP: 9/9
  3137 | D:5      | Reached skill level 5 in Shields
  3144 | D:5      | Reached skill level 5 in Fighting
  3214 | D:5      | Reached *** piety under Okawaru
  3214 | D:5      | Reached skill level 8 in Axes
  3535 | D:6      | Found a glowing golden altar of the Shining One.
  3658 | D:6      | Noticed Edmund
  3667 | D:6      | Killed Edmund
  4142 | D:6      | Found a runed door.
  4239 | D:6      | Noticed Blork the orc
  4250 | D:6      | Killed Blork the orc
  4400 | D:6      | Noticed Crazy Yiuf
  4407 | D:6      | Killed Crazy Yiuf
  4494 | D:7      | Reached skill level 9 in Axes
  4503 | D:7      | Found a transporter.
  4546 | D:7      | Reached XP level 9. HP: 48/75 MP: 11/11
  4551 | D:7      | Noticed Ymberto's ghost (novice HuHu)
  4687 | D:7      | Reached **** piety under Okawaru
  5578 | D:7      | HP: 1/75 [killer bee (5)]
  5579 | D:7      | Slain by a killer bee

Skill      XL: |  1  2  3  4  5  6  7  8  9 |
---------------+----------------------------+-----
Axes           | 3 4 5 6 7 9 |  9.6
Invocations    | 2 3 4 |  4.9
Fighting       | 4 5 6 |  6.3
Armour         | 4 5 6 |  6.3
Dodging        | 1 2 3 4 |  4.4
Shields        | 4 5 6 |  6.3

Action                   |  1- 3 |  4- 6 |  7- 9 || total
-------------------------+-------+-------+-------++-------
Melee: War axe           |    96 |   105 |   243 ||   444
       Headbutt          |    14 |     7 |    37 ||    58
Evoke: Wand              |       |       |     6 ||     6
  Use: Potion            |       |       |     2 ||     2
  Eat: Chunk             |       |     4 |     8 ||    12
       Ration            |       |       |     1 ||     1
Armor: Scale mail        |    61 |    37 |    17 ||   115
       Chain mail        |       |       |    74 ||    74
Dodge: Dodged            |    31 |    37 |    72 ||   140
Block: Shield            |    60 |    56 |   114 ||   230
